Map: Lock & Load

Players

Siliatra

  • Race: Protoss Protoss
  • Spawn Location: 7:00

Sindyr

  • Race: Terran Terran
  • League: Master

VOD

Have the link to the VOD?

Description

Time

  • Played on: Oct. 11, 2025, 9:29 a.m.
  • Length: 16:25
Show
View Real Time Build Order
Export as new Build Order

Siliatra Protoss 

Build Orders:  

Get SALT Encoding   

  12  0:02  Probe (Chrono Boost)  
  13  0:16  Probe (Chrono Boost)  
  14  0:30  Probe (Chrono Boost)  
  15  0:44  Probe (Chrono Boost)  
  16  0:56  Xel'Naga Passageway  
  16  0:58  Probe (Chrono Boost)  
  17  1:12  Probe (Chrono Boost)  
  18  1:26  Probe (Chrono Boost)  
  19  1:39  Probe (Chrono Boost)  
  20  1:53  Probe (Chrono Boost)  
  21  2:07  Probe (Chrono Boost)  
  22  2:30  Zoraya Legion  
  22  3:04  Ancient Nexus  
  22  3:07  Probe (Chrono Boost)  
  23  3:21  Probe (Chrono Boost)  
  24  3:34  Core Forge  
  24  3:38  Probe (Chrono Boost)  
  25  3:52  Probe (Chrono Boost)  
  26  4:06  Probe (Chrono Boost)  
  27  4:20  Probe (Chrono Boost)  
  28  4:34  Probe (Chrono Boost)  
  29  4:42  Constructs Facility  
  29  4:47  Constructs Facility  
  29  4:48  Probe (Chrono Boost)  
  30  4:50  Probe (Chrono Boost)  
  31  5:02  Probe (Chrono Boost)  
  31  5:04  Probe (Chrono Boost)  
  33  5:16  Probe (Chrono Boost)  
  33  5:18  Probe (Chrono Boost)  
  35  5:29  Probe (Chrono Boost)  
  35  5:32  Probe (Chrono Boost)  
  37  5:43  Probe (Chrono Boost)  
  37  5:46  Probe (Chrono Boost)  
  39  5:57  Xel'Naga Enforcer, Probe (Chrono Boost)  
  44  6:06  Probe (Chrono Boost)  
  45  6:11  Probe (Chrono Boost)  
  46  6:43  Xel'Naga Enforcer  
  50  6:55  Constructs Bay  
  50  7:03  Xel'Naga Enforcer  
  54  8:01  Xel'Naga Abrogator x2  
  60  8:23  Xel'Naga Watcher x2  
  60  8:50  Xel'Naga Enforcer  
  60  8:53  Zoraya Legion  
  64  9:24  Xel'Naga Abrogator  
  67  10:10  Xel'Naga Enforcer  
  71  10:32  Unknown x3  
  71  10:35  Unknown x3  
  71  10:36  Unknown x3  
  71  10:38  Unknown x3  
  71  10:42  Unknown x6  
  71  10:45  Unknown x3  
  71  10:48  Unknown x6  
  71  10:49  Xel'Naga Enforcer  
  71  10:52  Unknown x3  
  71  10:56  Unknown x3  
  71  10:57  Unknown x6  
  75  11:02  Unknown x3  
  75  11:03  Unknown x3  
  75  11:04  Unknown x3  
  75  11:09  Unknown x6  
  75  11:10  Unknown x3  
  75  11:18  Zoraya Legion  
  75  11:45  Xel'Naga Watcher x2  
  75  11:46  Unknown x3  
  75  11:48  Unknown x3  
  75  11:50  Unknown x3  
  75  11:55  Unknown x9, Xel'Naga Enforcer  
  75  11:57  Xel'Naga Watcher  
  75  11:59  Unknown x3  
  75  12:00  Unknown x6  
  75  12:05  Unknown x6  
  75  12:06  Unknown x3  
  79  12:11  Unknown x6  
  79  12:13  Unknown x3  
  79  12:14  Unknown x3  
  79  12:15  Unknown x6  
  79  12:19  Unknown x3  
  79  12:20  Unknown x3  
  79  12:21  Unknown x3  
  79  12:22  Unknown x3  
  79  12:25  Unknown x3  
  79  12:26  Unknown x3  
  79  12:28  Unknown x3  
  79  12:29  Unknown x3  
  79  12:30  Unknown x3  
  79  12:35  Unknown x3  
  79  12:36  Unknown x6  
  79  12:39  Unknown x9  
  79  12:49  Unknown x3  
  79  12:50  Unknown x3  
  79  12:51  Unknown x3  
  79  12:53  Unknown x3  
  79  12:56  Unknown x3  
  79  12:58  Xel'Naga Enforcer x2  
  87  13:29  Xel'Naga Enforcer  
  91  13:55  Unknown x6  
  91  13:56  Unknown x3  
  91  13:59  Zoraya Legion  
  91  14:00  Unknown x3  
  91  14:01  Unknown x6  
  91  14:06  Xel'Naga Enforcer  
  91  14:09  Unknown x6  
  91  14:10  Unknown x3  
  91  14:19  Unknown x6  
  95  14:20  Unknown x3  
  95  14:24  Unknown x6  
  95  14:26  Unknown x3  
  95  14:29  Unknown x3  
  91  14:30  Unknown x3  
  91  14:31  Unknown x3  
  91  14:35  Unknown x3  
  91  14:38  Unknown x6  
  91  14:43  Unknown x6  
  91  14:44  Unknown x3  
  91  14:50  Unknown x9  
  91  14:59  Unknown x3  
  87  15:01  Unknown x6  
  87  15:02  Xel'Naga Enforcer  
  91  15:13  Unknown x3  
  91  15:15  Unknown x3  
  91  15:16  Unknown x3, Xel'Naga Enforcer  
  91  15:20  Unknown x3  
  91  15:21  Unknown x3  
  91  15:22  Unknown x3  
  91  15:26  Unknown x3  
  95  15:30  Unknown x3  
  95  15:32  Unknown x3  
  95  15:36  Unknown x3  
  95  15:37  Unknown x3  
  95  15:38  Unknown x3  
Show
View Real Time Build Order
Export as new Build Order

Sindyr Terran 

Build Orders:  

Get SALT Encoding   

  12  0:05  Starport Tech Lab  
  12  0:09  SCV  
  13  0:26  SCV  
  14  0:30  Supply Depot  
  15  0:43  SCV  
  15  0:58  Refinery  
  15  1:03  Refinery  
  15  1:05  SCV  
  17  1:22  SCV  
  17  1:32  Assault Galleon  
  17  1:39  SCV  
  18  1:56  SCV  
  20  2:13  SCV  
  20  2:22  Supply Depot  
  20  2:29  Supply Depot  
  21  2:30  SCV  
  21  2:47  SCV  
  22  2:56  Assault Galleon  
  23  3:04  SCV  
  24  3:21  SCV  
  24  3:25  Engineering Bay  
  24  3:38  SCV  
  25  3:55  SCV  
  26  4:08  Command Center  
  27  4:11  SCV  
  27  4:17  Jetpack Overdrive  
  27  4:28  SCV  
  28  4:35  Assault Galleon  
  28  4:45  SCV  
  28  4:47  Reaper x2  
  31  4:57  Reaper x2  
  34  5:02  SCV  
  33  5:23  LE9 Cluster Charges  
  34  5:33  SCV  
  35  5:50  SCV  
  35  5:53  Armory  
  35  5:56  Armory  
  35  6:05  Refinery  
  35  6:07  SCV  
  37  6:24  SCV  
  37  6:25  Command Center  
  35  6:34  Reaper x2  
  38  6:41  SCV  
  38  6:44  Reaper x2  
  41  6:52  SCV  
  41  6:54  Reaper x2  
  41  6:58  SCV  
  44  7:09  SCV  
  45  7:13  Refinery  
  45  7:15  SCV  
  46  7:25  SCV  
  48  7:32  SCV  
  51  7:42  SCV  
  51  7:49  Strike Fighter Platform  
  51  7:50  Horner Weapons Level 1  
  51  7:51  Horner Armor Level 1  
  51  7:59  SCV  
  52  8:16  SCV  
  53  8:22  Assault Galleon  
  53  8:30  Assault Galleon  
  53  8:45  Assault Galleon  
  54  9:23  SCV  
  55  9:40  SCV  
  55  9:50  Fusion Core  
  55  9:57  SCV  
  55  9:58  Executioner Missiles  
  57  10:14  SCV  
  57  10:25  Asteria Wraith  
  66  10:31  SCV  
  66  10:47  Horner Weapons Level 2, Horner Armor Level 2  
  66  11:01  Black Market Launchers  
  78  11:21  Drone Hangar x4  
  78  12:03  Widow Mine x4  
  86  12:39  Supply Depot x2  
  86  12:41  Supply Depot  
  86  12:44  Supply Depot  
  86  13:09  Widow Mine x2  
  97  13:10  Widow Mine x2  
  97  13:20  Supply Depot  
  97  13:25  Sovereign Battlecruiser  
  97  13:27  Drone Hangar  
  107  13:35  Overcharged Reactor  
Tags
 
Commander
HornerZeratul
League
Master
Matchup
Co-op
Replay Pack
Multiplayer
Add a new tag
Caveats
  • Supply blocks, unpowered buildings, or Contaminate may cause inaccurate times.
  • Supply counts are checked every 10 seconds.